 Dungeon Crawl Stone Soup version 0.25-a0-339-gb37b713d4c (webtiles) character file.

Game seed: 9228467911896475184, levelgen mode: deterministic

187 ANON1729 the Ducker (level 5, -6/41 HPs)
             Began as a Demonspawn Gladiator on Dec 29, 2019.
             Mangled by an orc priest
             ... wielding a +0 trident
              (10 damage)
             ... on level 3 of the Dungeon.
             The game lasted 00:03:08 (2641 turns).

ANON1729 the Ducker (Demonspawn Gladiator)          Turns: 2641, Time: 00:03:09

Health: -6/41      AC: 10    Str: 20    XL:     5   Next: 39%
Magic:  5/5        EV: 13    Int:  9    God:
Gold:   92         SH:  0    Dex: 15    Spells: 4/4 levels left

rFire    + . .     SeeInvis .   a - +0 quarterstaff
rCold    . . .     Gourm    .   (shield currently unavailable)
rNeg     . . .     Faith    .   b - +0 leather armour
rPois    .         Spirit   .   c - +0 helmet
rElec    .         Reflect  .   (no cloak)
rCorr    .         Harm     .   (no gloves)
MR       .....                  (no boots)
Stlth    +.........             (no amulet)
HPRegen  0.13/turn              (no ring)
MPRegen  0.09/turn              (no ring)

@: mighty, sanguine armour
A: fire resistance 1, powered by death 1, sanguine armour 1
a: no special abilities


You were on level 3 of the Dungeon.
You were not hungry.

You visited 1 branch of the dungeon, and saw 3 of its levels.

You collected 92 gold pieces.

Inventory:

Hand Weapons
 a - a +0 quarterstaff (weapon)
 h - a +3 dagger
Missiles
 d - 3 throwing nets (quivered)
Armour
 b - a +0 leather armour (worn)
 c - a +0 helmet (worn)
Scrolls
 g - a scroll of remove curse {unknown}
 i - 3 scrolls of teleportation {unknown}
 k - 4 scrolls of identify {unknown}
 m - a scroll of immolation {unknown}
Potions
 e - a potion of flight {unknown}
 j - a potion of brilliance {unknown}
 l - a potion of invisibility {unknown}
 o - a potion of might
 p - a potion of lignification {unknown}
Comestibles
 f - 3 rations
 n - 3 chunks of flesh


   Skills:
 + Level 3.2 Fighting
 + Level 3.6 Staves
 + Level 3.0 Throwing
 + Level 3.6 Dodging


You had 4 spell levels left.
You didn't know any spells.
Your spell library was empty.

Dungeon Overview and Level Annotations

Branches:
Dungeon (3/15)

Altars:

Annotations:
D:2 Sigmund


Innate Abilities, Weirdness & Mutations

Your flesh is heat resistant. (rF+)
You regenerate a little health from kills.
When seriously injured, your bleeding wounds create armour. (AC +6)


Message History

You hit the orc priest but do no damage.
The orc priest is severely wounded.
The orc priest hits you but does no damage.
An orc priest opens the door.
It was a potion of might.
You feel very mighty all of a sudden.
The orc priest shouts!
The orc priest hits you but does no damage.
You barely miss the orc priest.
The orc priest is severely wounded.
The orc priest hits you from afar with a +0 trident.
* * * LOW HITPOINT WARNING * * *
The orc priest closely misses you.
You hit the orc priest but do no damage.
The orc priest is severely wounded.
The orc priest closely misses you. The orc priest barely misses you.
You closely miss the orc priest.
The orc priest is severely wounded.
The orc priest hits you from afar with a +0 trident!
You die...

...
#................)....#
...
##..................÷...
...
#.......................
##.
##......%...........†....
.........................
......[...............###
.......#o.†...........# #
...)o..#o#.......#...####
.oo.o..#@#.......#...# #.
.......#'#####...#...# #.
..r###...o.......#...# #.
... #...........#...###.
.. ....................
.....................
......................
.......................
..................


You could see 2 orc priests and an orc.

Vanquished Creatures
  An orc wizard (D:2)
  Jessica (D:2)
  A gnoll (D:1)
  4 adders (D:2)
  2 oozes
  2 worms (D:3)
  A dart slug (D:1)
  A leopard gecko (D:3)
  10 orcs
  A ball python (D:3)
  A giant cockroach (D:1)
  6 hobgoblins
  4 jackals (D:3)
  5 quokkas
  2 bats
  5 frilled lizards
  4 goblins
  4 kobolds
  7 rats
62 creatures vanquished.

Notes
Turn   | Place    | Note
-------+----------+-------------------------------------------
     0 | D:1      | ANON1729 the Demonspawn Gladiator began the quest for the
                  | Orb.
     0 | D:1      | Reached XP level 1. HP: 16/16 MP: 1/1
    62 | D:1      | Gained mutation: When seriously injured, your bleeding
                  | wounds create armour. (AC +6) [demonic ancestry]
    62 | D:1      | Reached XP level 2. HP: 16/22 MP: 2/2
   952 | D:2      | Gained mutation: Your flesh is heat resistant. (rF+)
                  | [demonic ancestry]
   952 | D:2      | Reached XP level 3. HP: 26/28 MP: 3/3
  1159 | D:2      | Gained mutation: You regenerate a little health from kills.
                  | [demonic ancestry]
  1159 | D:2      | Reached XP level 4. HP: 25/34 MP: 4/4
  1304 | D:2      | Noticed Jessica
  1315 | D:2      | Killed Jessica
  1573 | D:2      | Noticed Sigmund
  2116 | D:3      | Reached XP level 5. HP: 41/41 MP: 5/5
  2569 | D:3      | Found a faded altar of an unknown god.
  2641 | D:3      | Mangled by an orc priest

Levels and vault maps discovered:
D:1:      kilobyte_arrival_exit_the_forest, layout_basic
D:2:      layout_rooms, uniq_jessica, uniq_sigmund
D:3:      layout_basic, first_ration, chequers_ecumenical_altar_lobes,
          minmay_misc_feat_ornament

Skill      XL: |  1  2  3  4  5 |
---------------+----------------+-----
Throwing       | 2 3 |  3.0
Staves         | 3 |  3.6
Dodging        | 3 |  3.6
Fighting       | 3 |  3.2

Action                   |  1- 3 |  4- 6 || total
-------------------------+-------+-------++-------
Melee: Quarterstaff      |    64 |   150 ||   214
  Use: Potion            |       |     1 ||     1
 Stab: Sleeping          |     1 |       ||     1
  Eat: Chunk             |     1 |     5 ||     6
Armor: Leather armour    |    16 |    41 ||    57
Dodge: Dodged            |    36 |   106 ||   142

Table legend:
 A = Non-vault XP
 B = Vault XP
 C = Vault XP percentage of total XP
 D = Non-vault monster count
 E = Vault monster count
 F = Vault count percentage of total count
                 A         B        C        D         E       F
            +---------+---------+-------+---------+---------+-------
      Total |     231 |      37 |  13.8 |      61 |       1 |   1.6
            +---------+---------+-------+---------+---------+-------
        D:1 |      28 |       0 |   0.0 |       9 |       0 |   0.0
        D:2 |     124 |      37 |  23.0 |      20 |       1 |   4.8
        D:3 |      79 |       0 |   0.0 |      32 |       0 |   0.0
            +---------+---------+-------+---------+---------+-------
